 Dungeon Crawl Stone Soup version 0.28-a0-1616-g050a50673c (webtiles) character file.

Game seed: 12416109950054247310

71131 puellabona the Covert (level 15, -5/115 HPs)
             Began as a Gnoll Wanderer on Jan 22, 2022.
             Was the Champion of Okawaru.
             Slain by a cane toad (19 damage)
             ... on level 6 of the Lair of Beasts.
             The game lasted 01:11:17 (18345 turns).

puellabona the Covert (Gnoll Wanderer)             Turns: 18345, Time: 01:11:17

Health: -5/115     AC:  9    Str: 12    XL:     15   Next: 35%
Magic:  25/28      EV: 19    Int: 16    God:    Okawaru [******]
Gold:   525        SH:  0    Dex: 22    Spells: 11/33 levels left

rFire   . . .      SeeInvis .   P - +5 quarterstaff (spect)
rCold   . . .      Faith    .   (shield currently unavailable)
rNeg    . . .      Spirit   .   M - +1 robe of Dyspraxia {rElec Will+ Dex+2}
rPois   .          Reflect  .   e - +0 helmet
rElec   +          Harm     .   L - scarf {+Inv}
rCorr   .          Rampage  .   (no gloves)
Will    ++...                   (no boots)
Stlth   +++++.....              i - amulet of magic regeneration
HPRegen 0.29/turn               n - +6 ring of dexterity
MPRegen 0.61/turn               Q - +4 ring of protection

@: studying Maces & Flails
A: fangs 1, strong nose, distributed training
a: Renounce Religion, Evoke Invisibility, Heroism, Finesse, Duel


You were on level 6 of the Lair of Beasts.
You worshipped Okawaru.
Okawaru was exalted by your worship.
You visited 3 branches of the dungeon, and saw 16 of its levels.
You also visited: Bailey.

You collected 1263 gold pieces.
You spent 738 gold pieces at shops.

Inventory:

Hand Weapons
 a - the +8 whip "Per Boy" {elec, Int+4}
   (You found it on level 4 of the Dungeon)

   It occasionally discharges a powerful burst of electricity upon striking a
   foe.
   Int:       It affects your intelligence (+4).
 b - the +5 rapier "Nudeph" {venom, rC+}
   (You acquired it in a bailey)

   It poisons the flesh of those it strikes.
   rC:        It protects you from cold.
 P - a +5 spectral quarterstaff (weapon)
 R - the +10 whip "Goblin's Doom" {flame, SInv}
   (You found it on level 3 of the Lair of Beasts)

   It burns those it strikes, dealing additional fire damage.
   SInv:      It lets you see invisible.
Missiles
 f - 15 datura-tipped darts
Armour
 e - a +0 helmet (worn)
 z - a +2 leather armour of positive energy
 E - a +2 robe of cold resistance
 F - a +0 cloak
 L - a scarf of invisibility (worn)
 M - the +1 robe of Dyspraxia (worn) {rElec Will+ Dex+2}
   (You bought it in a shop on level 8 of the Dungeon)

   Dex:       It affects your dexterity (+2).
   rElec:     It insulates you from electricity.
   Will:      It increases your willpower.
Magical Staves
 K - a staff of air
Jewellery
 c - a ring of protection from fire
 i - an amulet of magic regeneration (around neck)
 n - a +6 ring of dexterity (left hand)
 v - a ring of flight
 y - an amulet of regeneration
 Q - a +4 ring of protection (right hand)
Wands
 C - a wand of iceblast (10)
 S - a wand of paralysis (4)
Scrolls
 g - 4 scrolls of identify
 h - 2 scrolls of holy word
 l - a scroll of silence
 o - 2 scrolls of blinking
 q - 7 scrolls of teleportation
 t - 3 scrolls of vulnerability
 u - 4 scrolls of fog
 x - 3 scrolls of magic mapping
 B - a scroll of brand weapon
 I - 5 scrolls of enchant armour
 O - a scroll of amnesia
Potions
 d - 4 potions of curing
 j - 4 potions of haste
 k - 6 potions of brilliance
 m - 5 potions of might
 p - 2 potions of attraction {unknown}
 r - 2 potions of flight {unknown}
 s - 5 potions of heal wounds
 w - a potion of lignification
 A - 4 potions of degeneration {unknown}
 D - 3 potions of magic {unknown}
 G - 2 potions of invisibility {unknown}
 N - 12 potions of ambrosia


   Skills:
 + Level 9.8 Fighting
 + Level 9.4 Short Blades
 + Level 9.4 Long Blades
 + Level 9.4 Axes
 + Level 9.9 Maces & Flails
 + Level 9.4 Polearms
 + Level 9.4 Staves
 + Level 9.4 Slings
 + Level 9.4 Bows
 + Level 9.4 Crossbows
 + Level 9.4 Throwing
 + Level 9.4 Armour
 + Level 9.4 Dodging
 + Level 12.1 Stealth
 + Level 9.4 Shields
 + Level 9.8 Unarmed Combat
 + Level 9.9 Spellcasting
 + Level 7.9 Conjurations
 + Level 7.9 Hexes
 + Level 7.9 Summonings
 + Level 7.9 Necromancy
 + Level 7.9 Translocations
 + Level 7.9 Transmutations
 + Level 8.8 Fire Magic
 + Level 7.9 Ice Magic
 + Level 7.9 Air Magic
 + Level 7.9 Earth Magic
 + Level 7.9 Poison Magic
 + Level 10.3 Invocations
 + Level 9.8 Evocations


You had 11 spell levels left.
You knew the following spells:

 Your Spells              Type           Power      Damage    Failure   Level
a - Foxfire               Conj/Fire      100%       2x1d9     1%          1
b - Ignite Poison         Fire/Tmut/Pois 34%        N/A       1%          3
c - Scorch                Fire           72%        2d8       1%          2
d - Sticky Flame          Conj/Fire      34%        2d5       3%          4
f - Olgreb's Toxic Radia  Pois           33%        N/A       3%          4
g - Poisonous Vapours     Pois/Air       66%        N/A       1%          2
h - Stone Arrow           Conj/Erth      66%        3d11      1%          3
i - Ozocubu's Armour      Ice            33%        N/A       1%          3

Your spell library contained the following spells:

 Spells                   Type           Power      Damage    Failure   Level
 Beastly Appendage        Tmut           66%        N/A       1%          1
 Sandblast                Erth           66%        2d15      1%          1
 Corpse Rot               Necr/Air       66%        N/A       1%          2
 Ensorcelled Hibernation  Hex/Ice        66%        N/A       1%          2
 Passwall                 Tmut/Erth      27%        N/A       1%          2
 Sublimation of Blood     Necr           33%        N/A       1%          2
 Wereblood                Tmut           33%        N/A       1%          2
 Mephitic Cloud           Conj/Pois/Air  33%        N/A       1%          3
 Spider Form              Tmut/Pois      33%        N/A       1%          3
 Swiftness                Air            33%        N/A       1%          3
 Anguish                  Hex/Necr       16%        N/A       3%          4
 Flame Wave               Conj/Fire      34%        2d8       3%          4
 Fulminant Prism          Conj/Hex       16%        3d11      3%          4
 Iskenderun's Mystic Bla  Conj/Tloc      33%        2d8       3%          4
 Leda's Liquefaction      Hex/Erth       16%        N/A       3%          4
 Lee's Rapid Deconstruct  Erth           16%        3d11*     10%         5
 Conjure Ball Lightning   Conj/Air       16%        3x3d6     50%         6
 Eringya's Noxious Bog    Tmut/Pois      16%        N/A       50%         6
 Statue Form              Tmut/Erth      22%        N/A       50%         6
 Ozocubu's Refrigeration  Ice            16%        4d8       97%         7
 Ignition                 Fire           18%        3d7       100%        8
 Summon Lightning Spire   Summ/Air       Unusable   N/A       N/A         4
 Summon Cactus Giant      Summ           Unusable   N/A       N/A         6
 Summon Hydra             Summ           Unusable   N/A       N/A         7

Dungeon Overview and Level Annotations

Branches:
Dungeon (10/15)            Temple (1/1) D:4            Lair (4/6) D:10
  Swamp (0/4) Lair:3        Snake (0/4) Lair:2       Bailey (visited)
    Orc: D:9-12

Altars:
Ashenzari
Cheibriados
Dithmenos
Elyvilon
Fedhas
Gozag
Hepliaklqana
Kikubaaqudgha
Makhleb
Nemelex Xobeh
Okawaru
Qazlal
Ru
Sif Muna
Trog
Uskayaw
Vehumet
Wu Jian
Xom
Yredelemnul
Zin
The Shining One
Jiyva

Shops:
D:3 *   D:7 *   D:8 *


Innate Abilities, Weirdness & Mutations

You have very sharp teeth.
Your uncanny sense of smell can sniff out nearby items.
Your experience applies equally to all skills.


Message History

You sock the black mamba!
You kill the black mamba!
Okawaru accepts your kill.
You feel very sick.
The hornet is no longer more vulnerable to fire.
The hornet closely misses you.
You thump the cane toad!
The cane toad is moderately wounded.
Your +5 spectral quarterstaff hits the cane toad!
You feel very sick. The hornet stings you!
You suddenly lose the ability to move!
The cane toad stings you! The hornet stings you!
You are more poisoned.
You feel yourself slow down.
You feel extremely sick.
The hornet stings you but does no damage.
The cane toad stings you!!
You feel yourself speed up.
You feel very sick. The hornet stings you!
* * * LOW HITPOINT WARNING * * *
You are more poisoned.
You shrug off the repeated paralysis!
The cane toad stings you but does no damage.
The hornet barely misses you.
* * * LOW HITPOINT WARNING * * *
You feel very sick. The cane toad stings you!!
* * * LOW HITPOINT WARNING * * *
The hornet stings you.
* * * LOW HITPOINT WARNING * * *
You are more poisoned.
You shrug off the repeated paralysis!
The cane toad stings you but does no damage.
You can move again.
You feel better.
You kill the hornet!
Okawaru accepts your kill. The cane toad stings you!!
You die...

##.....................##......#*
#.)...................##......#*
#...................#####....##*
#............<....###..#######*.
###.............###.....∆,**,∆*#
#............###....#*,∆****,,*
#.#..........#.....#*,,,*,,*,..
##................#*,,,**,,**..
##............@F.##,,,,*,,,,*..
##...............##,,,,**,,,,*#.
#.......#.......##,,,,,*,,,,,,#.
#.....###.......##,,,,**,,,,,,*#
#..###.#..........,,,,*,,,,*,,,#
##.................,,,,*,,,*,,,,#
.#.................,,,,,,*,*,,,..
#...............##.,,****,***,,##
##..<..............,,,*,,,,*,,,,#


You could see a cane toad.

Vanquished Creatures
  Harold (D:8)
  4 hydras (Lair:6)
  A centaur warrior (D:9)
  2 two-headed ogres
  3 death yaks (D:10)
  3 orc knights (Bailey)
  A wolf spider (Lair:6)
  14 elephants
  A guardian serpent (Lair:6)
  7 black mambas (Lair:6)
  Joseph (D:10)
  A torpor snail (Lair:6)
  13 cane toads
  Psyche (D:8)
  4 komodo dragons
  3 rime drakes
  A kobold demonologist (D:8)
  A queen bee (Lair:2)
  4 polar bears
  3 hornets
  22 blink frogs
  A slime creature (D:10)
  9 dream sheep (Lair:6)
  Sigmund (D:4)
  A meliai zombie (D:10)
  24 yaks
  7 wyverns (Lair:6)
  3 basilisks
  A steam dragon (D:8)
  Eustachio (D:4)
  3 redbacks (Lair:6)
  2 acid dragons (D:9)
  3 nagas (Lair:2)
  17 water moccasins
  2 black bears (Lair:2)
  11 orc warriors
  An ice beast (D:6)
  4 ogres
  A sky beast (D:7)
  4 centaurs
  4 necrophages
  14 wolves (Lair:6)
  A phantom (D:6)
  A kobold brigand (D:10)
  11 bullfrogs
  4 scorpions
  A wyvern skeleton (D:7)
  30 killer bees
  2 water moccasin skeletons
  11 wights (D:10)
  7 howler monkeys
  2 bullfrog zombies
  9 centaur zombies
  A hound (D:4)
  An orc priest (D:8)
  2 centaur skeletons
  9 jellies
  2 bullfrog skeletons
  3 iguanas
  8 orc wizards
  2 howler monkey zombies (D:10)
  2 mummies (D:10)
  10 adders
  2 shadow imps (D:7)
  A worm (D:2)
  5 dart slugs
  55 orcs
  3 ball pythons
  7 endoplasms
  A giant cockroach (D:1)
  8 hobgoblins
  6 jackals
  4 quokkas
  4 bats
  3 frilled lizards
  6 goblins
  9 kobolds
  11 rats
449 creatures vanquished.

Vanquished Creatures (collateral kills)
  2 foxfires
2 creatures vanquished.

Vanquished Creatures (others)
  690 foxfires
  47 fungi
  58 plants
  4 withered plants (D:10)
799 creatures vanquished.

Grand Total: 1250 creatures vanquished

Notes
Turn   | Place    | Note
-------+----------+-------------------------------------------
     0 | D:1      | puellabona the Gnoll Wanderer began the quest for the Orb.
     0 | D:1      | puellabona set off with the following items: a +0 dagger, a
                  | +0 helmet, a +0 robe, a potion of curing; and the following
                  | spell memorised: Foxfire; and the following spells
                  | available to memorise: Ignite Poison, Sticky Flame
     0 | D:1      | Reached XP level 1. HP: 17/17 MP: 4/4
   189 | D:1      | Reached XP level 2. HP: 23/23 MP: 1/5
   460 | D:1      | Reached XP level 3. HP: 28/28 MP: 1/7
   749 | D:1      | Reached skill level 1 in Invocations
  1164 | D:2      | Reached skill level 1 in Short Blades
  1164 | D:2      | Reached skill level 1 in Long Blades
  1164 | D:2      | Reached skill level 1 in Axes
  1164 | D:2      | Reached skill level 1 in Maces & Flails
  1164 | D:2      | Reached skill level 1 in Polearms
  1164 | D:2      | Reached skill level 1 in Staves
  1164 | D:2      | Reached skill level 1 in Slings
  1164 | D:2      | Reached skill level 1 in Bows
  1164 | D:2      | Reached skill level 1 in Crossbows
  1164 | D:2      | Reached skill level 1 in Throwing
  1164 | D:2      | Reached skill level 1 in Armour
  1164 | D:2      | Reached skill level 1 in Dodging
  1164 | D:2      | Reached skill level 1 in Shields
  1418 | D:2      | Reached XP level 4. HP: 30/34 MP: 8/8
  1504 | D:2      | Found a faded altar of an unknown god.
  1638 | D:3      | Reached skill level 1 in Conjurations
  1638 | D:3      | Reached skill level 1 in Hexes
  1638 | D:3      | Reached skill level 1 in Summonings
  1638 | D:3      | Reached skill level 1 in Necromancy
  1638 | D:3      | Reached skill level 1 in Translocations
  1638 | D:3      | Reached skill level 1 in Transmutations
  1638 | D:3      | Reached skill level 1 in Ice Magic
  1638 | D:3      | Reached skill level 1 in Air Magic
  1638 | D:3      | Reached skill level 1 in Earth Magic
  1638 | D:3      | Reached skill level 1 in Poison Magic
  1676 | D:3      | Found Idwiraut's General Store.
  1699 | D:3      | Reached XP level 5. HP: 21/40 MP: 9/9
  1701 | D:3      | Bought a scroll of blinking for 75 gold pieces
  2205 | D:3      | Learned a level 3 spell: Ignite Poison
  2583 | D:4      | Found a staircase to the Ecumenical Temple.
  2588 | D:4      | Noticed an ogre
  2610 | Temple   | Entered the Ecumenical Temple
  2783 | Temple   | Became a worshipper of Warmaster Okawaru
  2814 | D:4      | Reached skill level 8 in Stealth
  2834 | D:4      | Reached XP level 6. HP: 43/47 MP: 10/10
  2879 | D:4      | Found a shadowy altar of Dithmenos.
  2912 | D:4      | Found a burning altar of Makhleb.
  2937 | D:4      | Identified the +8 whip "Per Boy" {elec, Int+4}
  3029 | D:4      | Noticed Sigmund
  3133 | D:4      | Noticed Eustachio
  3147 | D:5      | Entered Level 5 of the Dungeon
  3185 | D:5      | Reached * piety under Okawaru
  3443 | D:5      | Reached XP level 7. HP: 52/52 MP: 12/12
  3758 | D:5      | Learned a level 3 spell: Ozocubu's Armour
  3763 | D:5      | Learned a level 4 spell: Sticky Flame
  3770 | D:5      | Learned a level 2 spell: Wereblood
  4344 | D:6      | Reached XP level 8. HP: 60/60 MP: 12/14
  4361 | D:6      | Reached ** piety under Okawaru
  4694 | D:4      | Killed Sigmund
  4754 | D:4      | Killed Eustachio
  4754 | D:4      | Reached *** piety under Okawaru
  4772 | D:4      | Learned a level 3 spell: Spider Form
  5094 | D:4      | Reached skill level 5 in Fire Magic
  5094 | D:4      | Reached XP level 9. HP: 34/66 MP: 16/16
  5632 | D:6      | Reached skill level 5 in Spellcasting
  5669 | D:6      | Found an opulent altar of Gozag.
  5669 | D:6      | Found a snail-covered altar of Cheibriados.
  6241 | D:7      | Reached skill level 5 in Fighting
  6241 | D:7      | Reached skill level 5 in Unarmed Combat
  6241 | D:7      | Reached skill level 5 in Evocations
  6275 | D:7      | Reached skill level 9 in Stealth
  6277 | D:7      | Reached **** piety under Okawaru
  6289 | D:7      | HP: 3/68 [killer bee (5)]
  6727 | D:7      | Reached skill level 5 in Invocations
  6869 | D:7      | Found a glowing silver altar of Zin.
  6910 | D:7      | Found Fypradeq's General Store.
  6919 | D:7      | Bought a potion of heal wounds for 50 gold pieces
  6919 | D:7      | Bought a scroll of brand weapon for 200 gold pieces
  7063 | D:7      | Learned a level 4 spell: Olgreb's Toxic Radiance
  7382 | D:8      | Noticed Psyche
  7389 | D:8      | Killed Psyche
  7390 | D:8      | Reached XP level 10. HP: 75/75 MP: 6/18
  7412 | D:8      | Noticed a two-headed ogre
  7415 | D:8      | Reached skill level 5 in Short Blades
  7415 | D:8      | Reached skill level 5 in Long Blades
  7415 | D:8      | Reached skill level 5 in Axes
  7415 | D:8      | Reached skill level 5 in Maces & Flails
  7415 | D:8      | Reached skill level 5 in Polearms
  7415 | D:8      | Reached skill level 5 in Staves
  7415 | D:8      | Reached skill level 5 in Slings
  7415 | D:8      | Reached skill level 5 in Bows
  7415 | D:8      | Reached skill level 5 in Crossbows
  7415 | D:8      | Reached skill level 5 in Throwing
  7415 | D:8      | Reached skill level 5 in Armour
  7415 | D:8      | Reached skill level 5 in Dodging
  7415 | D:8      | Reached skill level 5 in Shields
  7423 | D:8      | Killed a two-headed ogre
  7423 | D:8      | Reached ***** piety under Okawaru
  7564 | D:8      | Found a flagged portal.
  7570 | D:8      | Received a gift from Okawaru
  7589 | D:8      | Learned a level 2 spell: Poisonous Vapours
  7592 | Bailey   | Entered a bailey
  7680 | Bailey   | Noticed an orc knight
  7680 | Bailey   | Noticed an orc knight
  7688 | Bailey   | Killed an orc knight
  7688 | Bailey   | Killed an orc knight
  8004 | Bailey   | Noticed an orc knight
  8020 | Bailey   | Killed an orc knight
  8020 | Bailey   | Received a gift from Okawaru
  8047 | Bailey   | Acquired the +5 rapier "Nudeph" {venom, rC+}
  8123 | D:8      | Found Goug's General Store.
  8223 | D:8      | Found a shimmering altar of Xom.
  8436 | D:8      | Noticed a kobold demonologist
  8437 | D:8      | Reached XP level 11. HP: 83/83 MP: 17/20
  8480 | D:8      | Noticed Harold
  8491 | D:8      | Killed Harold
  8491 | D:8      | Received a gift from Okawaru
  8492 | D:8      | Reached skill level 5 in Conjurations
  8492 | D:8      | Reached skill level 5 in Hexes
  8492 | D:8      | Reached skill level 5 in Summonings
  8492 | D:8      | Reached skill level 5 in Necromancy
  8492 | D:8      | Reached skill level 5 in Translocations
  8492 | D:8      | Reached skill level 5 in Transmutations
  8492 | D:8      | Reached skill level 5 in Ice Magic
  8492 | D:8      | Reached skill level 5 in Air Magic
  8492 | D:8      | Reached skill level 5 in Earth Magic
  8492 | D:8      | Reached skill level 5 in Poison Magic
  8500 | D:8      | Got Sif Muna's Disquisition on Virous Combat Magic
  8963 | D:9      | Received a gift from Okawaru
  9312 | D:9      | Reached skill level 10 in Stealth
  9422 | D:9      | Noticed a centaur warrior
  9434 | D:9      | Killed a centaur warrior
  9434 | D:9      | Reached ****** piety under Okawaru
  9434 | D:9      | Received a gift from Okawaru
  9501 | D:9      | Learned a level 3 spell: Stone Arrow
  9556 | D:9      | Noticed a two-headed ogre
  9562 | D:9      | Killed a two-headed ogre
  9910 | D:8      | Bought the +1 robe of Dyspraxia {rElec Will+ Dex+2} for 413
                  | gold pieces
  9957 | D:10     | Entered Level 10 of the Dungeon
  9994 | D:10     | Learned a level 2 spell: Scorch
 10016 | D:10     | Received a gift from Okawaru
 10330 | D:10     | Noticed a death yak
 10396 | D:10     | Identified the +1 scale mail of Hangman {Will+ Int+3}
 10559 | D:10     | Found a staircase to the Lair.
 10559 | D:10     | Noticed a death yak
 10559 | D:10     | Noticed a death yak
 10580 | D:10     | Killed a death yak
 10580 | D:10     | Killed a death yak
 10701 | D:10     | Found a viscous altar of Jiyva.
 10757 | D:10     | Reached XP level 12. HP: 26/91 MP: 3/23
 11166 | D:10     | Noticed Joseph
 11172 | D:10     | Killed Joseph
 11476 | D:10     | Killed a death yak
 12155 | Lair:1   | Entered Level 1 of the Lair of Beasts
 12454 | Lair:1   | Received a gift from Okawaru
 13481 | Lair:2   | Found a staircase to the Snake Pit.
 13604 | Lair:2   | Received a gift from Okawaru
 13604 | Lair:2   | Found the +8 orange crystal plate armour {Archmagi, Int+3
                  | Clar}
 13993 | Lair:2   | Reached skill level 11 in Stealth
 14460 | Lair:3   | Reached XP level 13. HP: 98/98 MP: 9/25
 14758 | Lair:3   | Found a staircase to the Swamp.
 15103 | Lair:3   | Identified the +10 whip "Goblin's Doom" {flame, SInv}
 15511 | Lair:4   | Received a gift from Okawaru
 15950 | Lair:4   | You fall into a shaft and drop 2 floors!
 15950 | Lair:6   | Entered Level 6 of the Lair of Beasts
 16745 | Lair:6   | Received a gift from Okawaru
 16945 | Lair:6   | Reached XP level 14. HP: 89/108 MP: 22/27
 17122 | Lair:6   | Received a gift from Okawaru
 17598 | Lair:6   | Received a gift from Okawaru
 17718 | Lair:6   | Got Sif Muna's Disquisition on Creative Toxins
 18004 | Lair:6   | Reached skill level 10 in Invocations
 18129 | Lair:6   | Reached skill level 12 in Stealth
 18129 | Lair:6   | Reached XP level 15. HP: 115/115 MP: 28/28
 18341 | Lair:6   | Paralysed by a hornet for 3 turns
 18344 | Lair:6   | HP: 3/115 [hornet (5)]
 18345 | Lair:6   | Slain by a cane toad

Illustrated notes

Levels and vault maps discovered:
D:1:      tarquinn_simple_flora_water_b, layout_basic, st_stairs_12
D:2:      layout_rooms, shapermc_ecumenical_altar_starsandcircs
D:3:      layout_loops_ring, serial_shops, nicolae_shop_stone
D:4:      layout_basic, mainiacjoe_overflow_24_doors,
          mainiacjoe_overflow_concentric_impassable, minmay_temple_entry_grid,
          kennysheep_flooded_box, uniq_sigmund, uniq_eustachio
D:5:      layout_loops_ring, serial_bayou, serial_bayou_shore_a,
          serial_bayou_pond_b, serial_bayou_pond_d, serial_bayou_shore_b,
          kennysheep_generic_room_15
D:6:      layout_basic, mainiacjoe_overflow_divided_tiny
D:7:      layout_basic, nicolae_overflow_crystal_walls, serial_shops, shop
D:8:      layout_loops_ring, mainiacjoe_overflow_chevrons, enter_bailey_6,
          serial_shops, nicolae_shop_stone, kennysheep_generic_room_11,
          uniq_psyche, uniq_harold
D:9:      layout_rooms
D:10:     layout_layer_cave, dpeg_lair_monsters, serial_undead, serial_undead_d,
          serial_undead_b, serial_undead_a, serial_undead_c, serial_undead_a,
          serial_undead_e, serial_undead_e, serial_undead_d, serial_undead_b,
          serial_undead_c, jiyva_altar_1, uniq_joseph
Temple:   eino_temple_rhombus
Lair:1:   layout_gridlike
Lair:2:   layout_roguey [special_room_bee], minmay_snake_entry_guardpost_small
Lair:3:   layout_cave_pods, swamp_mist_pool
Lair:4:   layout_big_grid, serial_bayou_shore_b
Lair:6:   hangedman_lair_tendril_chambers, layout_gridlike

Skill      XL: |  1  2  3  4  5  6  7  8  9 10 11 12 13 14 |
---------------+-------------------------------------------+-----
Invocations    | 1 2 3 4 5 6 7 8 9 10 | 10.3
Short Blades   | 1 2 3 4 5 6 7 8 9 |  9.4
Long Blades    | 1 2 3 4 5 6 7 8 9 |  9.4
Axes           | 1 2 3 4 5 6 7 8 9 |  9.4
Maces & Flails | 1 2 3 4 5 6 7 8 9 |  9.9
Polearms       | 1 2 3 4 5 6 7 8 9 |  9.4
Staves         | 1 2 3 4 5 6 7 8 9 |  9.4
Slings         | 1 2 3 4 5 6 7 8 9 |  9.4
Bows           | 1 2 3 4 5 6 7 8 9 |  9.4
Crossbows      | 1 2 3 4 5 6 7 8 9 |  9.4
Throwing       | 1 2 3 4 5 6 7 8 9 |  9.4
Armour         | 1 2 3 4 5 6 7 8 9 |  9.4
Dodging        | 1 2 3 4 5 6 7 8 9 |  9.4
Shields        | 1 2 3 4 5 6 7 8 9 |  9.4
Spellcasting   | 3 4 5 6 7 8 9 |  9.9
Conjurations   | 1 2 3 4 5 6 7 |  7.9
Hexes          | 1 2 3 4 5 6 7 |  7.9
Summonings     | 1 2 3 4 5 6 7 |  7.9
Necromancy     | 1 2 3 4 5 6 7 |  7.9
Translocations | 1 2 3 4 5 6 7 |  7.9
Transmutations | 1 2 3 4 5 6 7 |  7.9
Ice Magic      | 1 2 3 4 5 6 7 |  7.9
Air Magic      | 1 2 3 4 5 6 7 |  7.9
Earth Magic    | 1 2 3 4 5 6 7 |  7.9
Poison Magic   | 1 2 3 4 5 6 7 |  7.9
Fighting       | 3 4 5 6 7 8 9 |  9.8
Unarmed Combat | 3 4 5 6 7 8 9 |  9.8
Evocations     | 3 4 5 6 7 8 9 |  9.8
Fire Magic     | 4 5 6 7 8 |  8.8
Stealth        | 8 9 10 11 12 | 12.1

Action                   |  1- 3 |  4- 6 |  7- 9 | 10-12 | 13-15 || total
-------------------------+-------+-------+-------+-------+-------++-------
Melee: Dagger            |    11 |       |       |       |       ||    11
       Staff             |    52 |    57 |       |       |       ||   109
       Punch             |     1 |     2 |     2 |     4 |       ||     9
       Bite              |     7 |     5 |    11 |    17 |    17 ||    57
       Whip              |       |    10 |   109 |    49 |       ||   168
       Unarmed           |       |       |     4 |       |       ||     4
       Rapier            |       |       |       |    13 |       ||    13
       Quarterstaff      |       |       |       |    46 |   112 ||   158
 Cast: Foxfire           |    51 |    74 |   131 |    99 |    66 ||   421
       Ozocubu's Armour  |       |       |     3 |     1 |       ||     4
       Wereblood         |       |       |     2 |       |       ||     2
       Spider Form       |       |       |     1 |       |       ||     1
       Sticky Flame      |       |       |     8 |       |    20 ||    28
       Olgreb's Toxic Ra |       |       |     2 |    60 |    25 ||    87
       Ignite Poison     |       |       |     2 |    49 |    27 ||    78
       Scorch            |       |       |       |    39 |    39 ||    78
       Poisonous Vapours |       |       |       |    30 |    35 ||    65
       Stone Arrow       |       |       |       |    26 |    16 ||    42
Evoke: Wand              |       |       |       |     3 |       ||     3
  Use: Scroll            |     3 |     2 |     4 |     5 |     7 ||    21
       Potion            |       |     1 |     1 |     1 |     6 ||     9
 Stab: Sleeping          |     2 |       |     1 |       |       ||     3
       Distracted        |       |       |       |       |     1 ||     1
Armor: Robe              |    11 |    40 |     6 |    61 |    30 ||   148
       Leather armour    |       |       |    11 |       |       ||    11
Dodge: Dodged            |    48 |    74 |    54 |   204 |   133 ||   513

Table legend: (Time is in decaauts)
 A = Elapsed time spent in this place.
 B = Non-inter-level travel time spent in this place.
 C = Inter-level travel time spent in this place.
 D = Time resting spent in this place.
 E = Time spent auto-exploring this place.
 F = Levels seen in this place.
 G = Mean time per level.
                   A        B        C        D        E       F      G
               +--------+--------+--------+--------+--------+-----+--------+
         Total |  18310 |  17907 |    403 |   2599 |  11376 |  17 | 1077.1 |
       Dungeon |  11509 |  11207 |    302 |   1449 |   7375 |  10 | 1150.9 |
        Temple |    183 |    162 |     21 |      0 |    148 |   1 |  183.0 |
          Lair |   6160 |   6080 |     80 |    908 |   3816 |   5 | 1232.0 |
        Bailey |    457 |    457 |      0 |    242 |     37 |   1 |  457.0 |
               +--------+--------+--------+--------+--------+-----+--------+

Top non-repeatable levels by time:
  Lair:6: 2373 daAuts
    D:10: 2172 daAuts
  Lair:1: 1282 daAuts
     D:5: 1202 daAuts
     D:4: 1146 daAuts
     D:8: 1127 daAuts
     D:6: 1123 daAuts
     D:7: 1117 daAuts
     D:1: 1055 daAuts
     D:9: 1036 daAuts
  Lair:2: 1010 daAuts
     D:3: 998 daAuts
  Lair:3: 897 daAuts
  Lair:4: 596 daAuts
     D:2: 528 daAuts
